 Dungeon Crawl Stone Soup version 0.27-a0-1191-g601b473118 (webtiles) character file.

Game seed: 8285602251508419373

875 bilbop the Shield-Bearer (level 7, -1/64 HPs)
             Began as a Minotaur Fighter on May 23, 2021.
             Killed from afar by an orc wizard (4 damage)
             ... with a magic dart
             ... on level 5 of the Dungeon.
             The game lasted 00:16:02 (4352 turns).

bilbop the Shield-Bearer (Minotaur Fighter)         Turns: 4352, Time: 00:16:03

Health: -1/64      AC: 14    Str: 20    XL:     7   Next: 74%
Magic:  15/15      EV:  8    Int:  5    God:
Gold:   163        SH: 10    Dex: 12    Spells: 6/6 levels left

rFire    . . .     SeeInvis .   m - +0 morningstar (protect)
rCold    . . .     Faith    .   c - +0 kite shield
rNeg     + . .     Spirit   .   b - +0 scale mail
rPois    .         Reflect  .   (helmet restricted)
rElec    .         Harm     .   q - scarf {repulsion}
rCorr    .         Rampage  .   (no gloves)
Will     .....                  (no boots)
Stlth    ..........             (no amulet)
HPRegen  0.20/turn              o - ring of positive energy
MPRegen  0.14/turn              p - ring of magical power

@: under a protective aura, repel missiles
A: horns 2, retaliatory headbutt
a: no special abilities


You were on level 5 of the Dungeon.
You visited 1 branch of the dungeon, and saw 5 of its levels.

You collected 163 gold pieces.

Inventory:

Hand Weapons
 a - a +0 flail
 m - a +0 morningstar of protection (weapon)
Missiles
 v - 24 bolts
Armour
 b - a +0 scale mail (worn)
 c - a +0 kite shield (worn)
 q - a scarf of repulsion (worn)
Jewellery
 o - a ring of positive energy (left hand)
 p - a ring of magical power (right hand)
Wands
 k - a wand of iceblast (5)
Scrolls
 e - 2 scrolls of acquirement {unknown}
 f - 2 scrolls of identify {unknown}
 j - a scroll of enchant armour {unknown}
 l - a scroll of magic mapping {unknown}
 n - 3 scrolls of teleportation {unknown}
 r - a scroll of enchant weapon {unknown}
 s - a scroll of brand weapon {unknown}
 u - a scroll of immolation {unknown}
Potions
 d - 5 potions of might
 g - a potion of cancellation {unknown}
 h - 2 potions of haste {unknown}
 i - a potion of lignification {unknown}
 t - a potion of flight {unknown}


   Skills:
 + Level 6.4 Fighting
 + Level 5.7 Maces & Flails
 + Level 6.3 Armour
 + Level 6.4 Shields


You had 6 spell levels left.
You didn't know any spells.
Your spell library contained the following spells:

 Spells                   Type           Power      Damage    Failure   Level
 Sting                    Tmut/Pois      0%         1d3       99%         1
 Poisonous Vapours        Pois/Air       0%         N/A       99%         2
 Ignite Poison            Fire/Tmut/Pois 0%         N/A       100%        3
 Mephitic Cloud           Conj/Pois/Air  0%         N/A       100%        3
 Olgreb's Toxic Radiance  Pois           0%         N/A       100%        4


Dungeon Overview and Level Annotations

Branches:
Dungeon (5/15)
 Temple: D:4-7

Altars:
Elyvilon
Qazlal
Uskayaw
Zin
The Shining One

Shops:
D:1 =


Innate Abilities, Weirdness & Mutations

You have a pair of horns on your head.
You reflexively headbutt those who attack you in melee.


Message History

Something hits you but does no damage.
A centaur skeleton comes into view.
The orc hits you with a +0 short sword. Something hits you but does no damage.
You miss something. You headbutt something!
The orc hits you with a +0 short sword.
* * * LOW HITPOINT WARNING * * *
You hear some strange, mumbled words.
A magic dart appears from out of thin air!
The magic dart hits you.
* * * LOW HITPOINT WARNING * * *
You closely miss the orc. You headbutt the orc.
The orc is almost dead.
You block the orc's attack. Something hits you but does no damage.
The orc barely misses you. You block the orc's attack.
Things that are here:
+0 steam dragon scales; a steam dragon corpse Something hits you but does no damage.
You hear some strange, mumbled words.
A puff of flame appears from out of thin air!
The puff of flame hits you!
* * * LOW HITPOINT WARNING * * *
You hear some strange, mumbled words.
Something tries to affect you, but you resist.
You sock the centaur skeleton!
Your weapon exudes an aura of protection.
You headbutt the centaur skeleton!
The centaur skeleton is almost destroyed.
You block the centaur skeleton's attack.
The centaur skeleton kicks you but does no damage.
You hear some strange, mumbled words.
A puff of flame appears from out of thin air!
The puff of flame hits you.
* * * LOW HITPOINT WARNING * * *
You block the centaur skeleton's attack. x2
You hit the centaur skeleton.
You destroy the centaur skeleton!
A magic dart appears from out of thin air!
The magic dart hits you.
You die...

#.##.#####.#.# #....#
#.#.###
###..#####......
#...........#
####...#.##....# #
#.....##.##....#####..
#......#........#...!.o
#...............)...#
.........@#####[..###
.##..#.##..#....###
..##.###.{o####
#......## ######.#
#...........D..
...............
#####........##
#........#


You could see an orc.

Vanquished Creatures
  A steam dragon (D:5)
  Menkaure (D:4)
  A black bear (D:4)
  An ogre (D:5)
  The ghost of zarzak the Covered, a weakling DgFi (D:3)
  A bullfrog skeleton (D:3)
  A gnoll shaman (D:5)
  A centaur skeleton (D:5)
  Natasha (thrice) (D:2)
  6 gnolls (D:5)
  9 adders
  2 river rats (D:3)
  An ufetubus (D:4)
  2 worms (D:3)
  A dart slug (D:4)
  4 orcs
  3 ball pythons
  4 endoplasms
  A giant cockroach (D:2)
  4 goblins
  5 hobgoblins (D:1)
  19 jackals
  5 kobolds
  2 quokkas
  4 bats
  7 frilled lizards
  6 rats
96 creatures vanquished.

Vanquished Creatures (others)
  An orc wizard (D:5)
1 creature vanquished.

Grand Total: 97 creatures vanquished

Notes
Turn   | Place    | Note
-------+----------+-------------------------------------------
     0 | D:1      | bilbop the Minotaur Fighter began the quest for the Orb.
     0 | D:1      | Reached XP level 1. HP: 19/19 MP: 0/0
     2 | D:1      | Noticed a demonspawn
     2 | D:1      | Noticed a demigod
     4 | D:1      | Noticed a gargoyle
     4 | D:1      | Noticed a tengu
     6 | D:1      | Noticed a vine stalker
     6 | D:1      | Noticed a centaur
     8 | D:1      | Noticed a human
     8 | D:1      | Noticed a ghoul
    10 | D:1      | Noticed a minotaur
    10 | D:1      | Noticed a spriggan
    12 | D:1      | Noticed an ogre
    12 | D:1      | Noticed a felid
    14 | D:1      | Noticed a vampire
    14 | D:1      | Noticed a dwarf
    16 | D:1      | Noticed a formicid
    16 | D:1      | Noticed a troll
    18 | D:1      | Noticed an octopode
    18 | D:1      | Noticed a palentonga
    20 | D:1      | Noticed a draconian
    22 | D:1      | Noticed an elf
    22 | D:1      | Noticed a barachi
    24 | D:1      | Noticed a merfolk
    26 | D:1      | Noticed a naga
    70 | D:1      | Reached XP level 2. HP: 12/27 MP: 1/1
   499 | D:1      | Found Kelipith's Jewellery Emporium.
   753 | D:1      | Reached XP level 3. HP: 30/33 MP: 2/2
  1188 | D:2      | Noticed Natasha
  1196 | D:2      | Killed Natasha
  1197 | D:2      | Reached XP level 4. HP: 34/41 MP: 3/3
  1264 | D:2      | Noticed Natasha
  1274 | D:2      | Killed Natasha
  1426 | D:2      | Noticed Natasha
  1449 | D:2      | Killed Natasha
  1790 | D:2      | Reached XP level 5. HP: 47/47 MP: 4/4
  1903 | D:2      | Found a faded altar of an unknown god.
  2496 | D:3      | Found a runed translucent door.
  2497 | D:3      | Noticed zarzak's ghost (weakling DgFi)
  2512 | D:3      | Killed zarzak's ghost
  2513 | D:3      | Reached skill level 5 in Fighting
  2513 | D:3      | Reached skill level 5 in Shields
  2519 | D:3      | Reached skill level 5 in Armour
  2527 | D:3      | Found a runed translucent door.
  2715 | D:3      | Reached XP level 6. HP: 53/56 MP: 5/5
  2800 | D:3      | Found a hide-covered altar of Uskayaw.
  2959 | D:4      | Found a stormy altar of Qazlal.
  3529 | D:4      | Noticed Menkaure
  3536 | D:4      | Killed Menkaure
  3537 | D:4      | Reached skill level 5 in Maces & Flails
  3537 | D:4      | Reached XP level 7. HP: 27/62 MP: 6/6
  3778 | D:4      | Found a glowing golden altar of the Shining One.
  3779 | D:4      | Found a white marble altar of Elyvilon.
  3780 | D:4      | Found a glowing silver altar of Zin.
  3844 | D:5      | Entered Level 5 of the Dungeon
  4320 | D:5      | Noticed a steam dragon
  4338 | D:5      | Killed a steam dragon
  4351 | D:5      | HP: 3/64 [something/puff of flame (3)]
  4352 | D:5      | Killed from afar by an orc wizard

Illustrated notes

Levels and vault maps discovered:
D:1:      kb_arrival_jail, layout_basic, serial_shops, shop, minivault_23
D:2:      layout_loops_ring, ebering_ecumenical_altar_webs, uniq_natasha
D:3:      layout_basic, overflow_temple_1_default, ebering_ghost_sewer_f
D:4:      layout_loops_ring, good_gods_temple_1,
          nicolae_qazlal_general_emergency, minmay_misc_feat_nine_boxes,
          uniq_menkaure
D:5:      layout_rooms, nicolae_overflow_hidden_temple, lemuel_temple_firewalk_a

Skill      XL: |  1  2  3  4  5  6  7 |
---------------+----------------------+-----
Fighting       | 4 5 6 |  6.4
Shields        | 4 5 6 |  6.4
Armour         | 4 5 6 |  6.3
Maces & Flails | 3 4 5 |  5.7

Action                   |  1- 3 |  4- 6 |  7- 9 || total
-------------------------+-------+-------+-------++-------
Melee: Flail             |    91 |    51 |       ||   142
       Headbutt          |     8 |    28 |    12 ||    48
       Morningstar       |       |    93 |    52 ||   145
Armor: Scale mail        |    57 |    98 |    35 ||   190
Dodge: Dodged            |    38 |    51 |    20 ||   109
Block: Kite shield       |    67 |    99 |    43 ||   209

Table legend: (Time is in decaauts)
 A = Elapsed time spent in this place.
 B = Non-inter-level travel time spent in this place.
 C = Inter-level travel time spent in this place.
 D = Time resting spent in this place.
 E = Time spent auto-exploring this place.
 F = Levels seen in this place.
 G = Mean time per level.
                   A        B        C        D        E       F      G
               +--------+--------+--------+--------+--------+-----+--------+
         Total |   4488 |   4430 |     58 |   1108 |   2581 |   5 |  897.6 |
       Dungeon |   4488 |   4430 |     58 |   1108 |   2581 |   5 |  897.6 |
               +--------+--------+--------+--------+--------+-----+--------+

Top non-repeatable levels by time:
     D:1: 1145 daAuts
     D:2: 1077 daAuts
     D:4: 1008 daAuts
     D:3: 730 daAuts
     D:5: 526 daAuts
